 Dungeon Crawl Stone Soup version 0.31-a0-466-g98c9adc2b6 (console) character file.

Game seed: 18271844721179478493

23562 jejorda2 the Cleaver (level 13, -4/156 HPs)
             Began as a Gnoll Berserker on Aug 5, 2023.
             Was an Elder of Trog.
             Slain by a skyshark (23 damage)
             ... on level 2 of the Lair of Beasts.
             The game lasted 00:27:59 (12344 turns).

jejorda2 the Cleaver (Gnoll Berserker)             Turns: 12344, Time: 00:27:59

Health: -4/156     AC: 19    Str: 21    XL:     13   Next: 7%
Magic:  25/25      EV: 15    Int:  7    God:    Trog [****..]
Gold:   796        SH:  0    Dex: 18    Spells: 28/28 levels left

rFire   + . .        a - +4 broad axe {holy, rElec rF+ Will+}
rCold   . . .        (no shield)
rNeg    + . .        k - +0 pearl dragon scales
rPois   .            (no helmet)
rElec   +            (no cloak)
rCorr   .            z - +0 pair of gloves
SInv    .            p - +2 pair of boots
Will    +....        (no amulet) Stlth
                     w - +6 ring of dexterity
HPRegen 0.46/turn    (no ring)
MPRegen 0.19/turn

%: no passive effects
@: berserking, very quick
A: fangs 1, strong nose, distributed training
a: Renounce Religion, Berserk, Trog's Hand, Brothers in Arms


You were on level 2 of the Lair of Beasts.
You worshipped Trog.
Trog was greatly pleased with you.
You visited 2 branches of the dungeon, and saw 13 of its levels.

You collected 796 gold pieces.

Inventory:

Hand Weapons
 a - the +4 broad axe of Zin's Delight (weapon) {holy, rElec rF+ Will+}
   (You found it on level 6 of the Dungeon)

   rF:        It protects you from fire.
   rElec:     It insulates you from electricity.
   Will:      It increases your willpower.
 q - the +7 Spriggan's Knife {stab, EV+4 Stlth+}
   (You found it on level 9 of the Dungeon)

   Stab:      It is more effective when stabbing unaware enemies, sometimes
   treating them as though they were completely helpless.
   EV:        It affects your evasion (+4).
   Stlth:     It makes you more stealthy.
 A - a +3 morningstar
Missiles
 d - 2 boomerangs
 j - 2 curare-tipped darts
 o - 2 atropa-tipped darts
 s - 36 poisoned darts (quivered)
 C - 4 datura-tipped darts
Armour
 k - +0 pearl dragon scales (worn)
 p - a +2 pair of boots (worn)
 z - a +0 pair of gloves (worn)
Jewellery
 r - a ring of ice
 w - a +6 ring of dexterity (left hand)
Wands
 g - a wand of digging (3)
 n - a wand of roots (30)
 y - a wand of flame (24)
 B - a wand of charming (4)
 D - a wand of polymorph (6)
 H - a wand of light (2)
Scrolls
 c - 2 scrolls of blinking
 e - 4 scrolls of enchant weapon
 f - 4 scrolls of teleportation
 h - 4 scrolls of fog
 i - 2 scrolls of poison
 v - a scroll of fear
 F - 2 scrolls of identify
Potions
 b - a potion of curing
 l - a potion of lignification
 m - 2 potions of invisibility
 t - 5 potions of enlightenment
 u - 2 potions of attraction
 x - a potion of might
 E - a potion of heal wounds


   Skills:
 + Level 10.4 Fighting
 + Level 8.0 Short Blades
 + Level 8.0 Long Blades
 + Level 10.4 Axes
 + Level 8.0 Maces & Flails
 + Level 8.0 Polearms
 + Level 8.0 Staves
 + Level 8.0 Ranged Weapons
 + Level 8.0 Throwing
 + Level 9.3 Armour
 + Level 9.3 Dodging
 + Level 8.0 Stealth
 + Level 8.0 Shields
 + Level 8.0 Unarmed Combat
 + Level 8.0 Spellcasting
 + Level 6.7 Conjurations
 + Level 6.7 Hexes
 + Level 6.7 Summonings
 + Level 6.7 Necromancy
 + Level 6.7 Translocations
 + Level 6.7 Transmutations
 + Level 6.7 Fire Magic
 + Level 6.7 Ice Magic
 + Level 6.7 Air Magic
 + Level 6.7 Earth Magic
 + Level 6.7 Poison Magic
 + Level 8.8 Invocations
 + Level 8.0 Evocations
 + Level 6.7 Shapeshifting


You had 28 spell levels left.
You didn't know any spells.
Your spell library was empty.

Dungeon Overview and Level Annotations

Branches:
Dungeon (11/15)            Temple (0/1) D:7            Lair (2/5) D:11
  Swamp (0/4) Lair:2        Snake (0/4) Lair:2          Orc (0/2) D:11

Altars:
Ashenzari
Dithmenos
Elyvilon
Hepliaklqana
Kikubaaqudgha
Qazlal
Trog
Uskayaw
Vehumet
Xom
Yredelemnul
Zin

Shops:
D:10 *

Portals:
Gauntlet: Lair:2

Annotations:
D:5 exclusion: orc wizard
D:6 2 transporters, hotbaconsauce's ghost, novice MiFi


Innate Abilities, Weirdness & Mutations

You have very sharp teeth.
Your uncanny sense of smell can sniff out nearby items.
Your experience applies equally to all skills.


Message History

The skyshark is heavily wounded.
The skyshark bites you.
The skyshark tail-slaps you but does no damage. x2
The skyshark bites you. The skyshark closely misses you.
The skyshark tail-slaps you but does no damage.
You barely miss the skyshark.
You bite the skyshark, but do no damage.
The skyshark is heavily wounded.
The skyshark closely misses you.
The skyshark tail-slaps you but does no damage. x2
You hit the skyshark.
You bite the skyshark, but do no damage.
The skyshark is heavily wounded.
The skyshark bites you! The skyshark tail-slaps you!
The skyshark completely misses you.
The skyshark bites you but does no damage.
The skyshark tail-slaps you but does no damage.
The skyshark misses you.
You hit the skyshark.
You bite the skyshark, but do no damage.
The skyshark is heavily wounded.
The skyshark bites you but does no damage.
The skyshark barely misses you. The skyshark closely misses you.
The skyshark bites you! The skyshark tail-slaps you!
* * * LOW HITPOINT WARNING * * *
The skyshark misses you.
A red film seems to cover your vision as you go berserk!
You feel yourself moving faster!
You feel mighty! The skyshark bites you.
* * * LOW HITPOINT WARNING * * *
The skyshark closely misses you. The skyshark tail-slaps you!
* * * LOW HITPOINT WARNING * * *
You slice the skyshark!!
The skyshark is severely wounded.
The skyshark misses you. The skyshark tail-slaps you.
* * * LOW HITPOINT WARNING * * *
The skyshark barely misses you.
You closely miss the skyshark.
The skyshark is severely wounded.
The skyshark bites you!!
You die...

##........,,,,*
**####P......#***,**
*.#..........## ***
,.............##
****#.^........##
##...###....## ##..#
#.....# #...#
####..## #...#
#.@.#** #...#
##.l..#* ##..##
#.∩...# #..P#
####..#*** ##..##
*#..#,* *** ###...#
*#...*******,,
#.#...#
*#..*,*,*,,,,
##...#.#
*P.,,,,,,,>,
#*#...####
***,,,,**,,,


You could see a skyshark (berserk).

Vanquished Creatures
  4 two-headed ogres
  A boulder beetle (D:11)
  A cyclops (D:8)
  A gargoyle (D:10)
  15 elephants (Lair:1)
  6 cane toads
  A rime drake (Lair:1)
  A troll (D:9)
  A polar bear (Lair:1)
  Grinder (D:6)
  8 blink frogs (Lair:1)
  2 shadows (D:9)
  2 wraiths
  A wyvern (D:9)
  27 yaks
  A basilisk (Lair:1)
  Eustachio (D:5)
  3 steam dragons
  Menkaure (D:5)
  3 water moccasins
  3 orc warriors
  3 sky beasts
  An ice beast (D:6)
  5 black bears
  6 centaurs
  5 bullfrogs
  4 kobold brigands
  4 scorpions
  13 wights
  11 killer bees (D:9)
  2 howler monkeys (D:10)
  An electric eel (Lair:1)
  3 hounds (D:5)
  A jelly (D:7)
  5 orc priests
  2 gnoll boudas
  5 iguanas
  15 orc wizards
  7 gnolls
  7 adders
  A white imp (D:7)
  3 ufetubi
  3 worms
  3 dart slugs
  36 orcs
  9 ball pythons
  4 bats
  6 endoplasms
  2 giant cockroaches
  3 goblins
  5 hobgoblins
  4 jackals (D:2)
  2 quokkas
  4 frilled lizards
  24 kobolds
  6 rats
299 creatures vanquished.

Vanquished Creatures (collateral kills)
  A komodo dragon (D:11)
  2 orc warriors (D:11)
  A bullfrog (D:11)
  2 orcs (D:11)
6 creatures vanquished.

Vanquished Creatures (others)
  A wight (D:8)
1 creature vanquished.

Grand Total: 306 creatures vanquished

Notes
Turn   | Place    | Note
-------+----------+-------------------------------------------
     0 | D:1      | jejorda2 the Gnoll Berserker began the quest for the Orb.
     0 | D:1      | Reached XP level 1. HP: 23/23 MP: 1/1
   148 | D:1      | Reached XP level 2. HP: 13/29 MP: 2/2
   632 | D:2      | Reached XP level 3. HP: 33/35 MP: 3/3
   638 | D:2      | Reached ** piety under Trog
   762 | D:2      | Reached skill level 1 in Invocations
   844 | D:2      | Reached skill level 1 in Short Blades
   844 | D:2      | Reached skill level 1 in Long Blades
   844 | D:2      | Reached skill level 1 in Maces & Flails
   844 | D:2      | Reached skill level 1 in Polearms
   844 | D:2      | Reached skill level 1 in Staves
   844 | D:2      | Reached skill level 1 in Ranged Weapons
   844 | D:2      | Reached skill level 1 in Throwing
   844 | D:2      | Reached skill level 1 in Stealth
   844 | D:2      | Reached skill level 1 in Shields
   844 | D:2      | Reached skill level 1 in Unarmed Combat
   844 | D:2      | Reached skill level 1 in Spellcasting
   844 | D:2      | Reached skill level 1 in Evocations
  1078 | D:2      | Reached XP level 4. HP: 41/41 MP: 5/5
  1300 | D:3      | Reached skill level 1 in Conjurations
  1300 | D:3      | Reached skill level 1 in Hexes
  1300 | D:3      | Reached skill level 1 in Summonings
  1300 | D:3      | Reached skill level 1 in Necromancy
  1300 | D:3      | Reached skill level 1 in Translocations
  1300 | D:3      | Reached skill level 1 in Transmutations
  1300 | D:3      | Reached skill level 1 in Fire Magic
  1300 | D:3      | Reached skill level 1 in Ice Magic
  1300 | D:3      | Reached skill level 1 in Air Magic
  1300 | D:3      | Reached skill level 1 in Earth Magic
  1300 | D:3      | Reached skill level 1 in Poison Magic
  1300 | D:3      | Reached skill level 1 in Shapeshifting
  1311 | D:3      | Reached XP level 5. HP: 19/47 MP: 5/7
  1544 | D:3      | Reached XP level 6. HP: 53/53 MP: 8/8
  1661 | D:3      | Reached skill level 5 in Armour
  1661 | D:3      | Reached skill level 5 in Dodging
  2189 | D:4      | Found a broken altar of Ashenzari.
  2893 | D:5      | Entered Level 5 of the Dungeon
  2907 | D:5      | Reached XP level 7. HP: 57/59 MP: 10/10
  2965 | D:5      | Reached *** piety under Trog
  3000 | D:5      | Found a stormy altar of Qazlal.
  3000 | D:5      | Noticed Eustachio
  3108 | D:5      | Killed Eustachio
  3109 | D:5      | Reached XP level 8. HP: 65/67 MP: 12/12
  3597 | D:5      | Noticed Menkaure
  3612 | D:5      | Killed Menkaure
  4170 | D:5      | Found a hazy altar of Hepliaklqana.
  4171 | D:5      | Found a shimmering altar of Xom.
  4172 | D:5      | Noticed a spectral ugly thing
  4498 | D:6      | Identified the +4 broad axe of Zin's Delight {holy, rElec
                  | rF+ Will+}
  4622 | D:6      | Noticed Grinder
  4682 | D:6      | Found a bloodstained altar of Trog.
  4690 | D:6      | Found a transporter.
  4693 | D:6      | Found a transporter.
  4694 | D:6      | Noticed hotbaconsauce's ghost (novice MiFi)
  4712 | D:6      | Noticed a queen bee
  4713 | D:6      | Noticed a hornet
  4844 | D:6      | Killed Grinder
  4845 | D:6      | Reached XP level 9. HP: 73/73 MP: 14/14
  4960 | D:6      | Found a basalt altar of Yredelemnul.
  5240 | D:7      | Found a staircase to the Ecumenical Temple.
  6097 | D:8      | Noticed a cyclops
  6103 | D:7      | Reached **** piety under Trog
  6104 | D:7      | Reached skill level 5 in Invocations
  6207 | D:8      | Found a radiant altar of Vehumet.
  6489 | D:8      | Killed a cyclops
  6490 | D:8      | Reached XP level 10. HP: 45/80 MP: 17/17
  6562 | D:8      | Reached skill level 5 in Short Blades
  6562 | D:8      | Reached skill level 5 in Long Blades
  6562 | D:8      | Reached skill level 5 in Maces & Flails
  6562 | D:8      | Reached skill level 5 in Polearms
  6562 | D:8      | Reached skill level 5 in Staves
  6562 | D:8      | Reached skill level 5 in Ranged Weapons
  6562 | D:8      | Reached skill level 5 in Throwing
  6562 | D:8      | Reached skill level 5 in Stealth
  6562 | D:8      | Reached skill level 5 in Shields
  6562 | D:8      | Reached skill level 5 in Unarmed Combat
  6562 | D:8      | Reached skill level 5 in Spellcasting
  6562 | D:8      | Reached skill level 5 in Evocations
  6934 | D:8      | Found an ancient bone altar of Kikubaaqudgha.
  7379 | D:9      | Reached ***** piety under Trog
  7469 | D:9      | Found the +7 Spriggan's Knife {stab, EV+4 Stlth+}
  7626 | D:9      | Found a white marble altar of Elyvilon.
  7769 | D:9      | Found a glowing silver altar of Zin.
  8057 | D:9      | Found a shadowy altar of Dithmenos.
  8087 | D:10     | Entered Level 10 of the Dungeon
  8087 | D:10     | Noticed a gargoyle
  8096 | D:10     | Noticed a two-headed ogre
  8102 | D:10     | Killed a two-headed ogre
  8107 | D:10     | Killed a gargoyle
  8108 | D:10     | Reached XP level 11. HP: 51/87 MP: 19/19
  8323 | D:10     | Reached skill level 5 in Conjurations
  8323 | D:10     | Reached skill level 5 in Hexes
  8323 | D:10     | Reached skill level 5 in Summonings
  8323 | D:10     | Reached skill level 5 in Necromancy
  8323 | D:10     | Reached skill level 5 in Translocations
  8323 | D:10     | Reached skill level 5 in Transmutations
  8323 | D:10     | Reached skill level 5 in Fire Magic
  8323 | D:10     | Reached skill level 5 in Ice Magic
  8323 | D:10     | Reached skill level 5 in Air Magic
  8323 | D:10     | Reached skill level 5 in Earth Magic
  8323 | D:10     | Reached skill level 5 in Poison Magic
  8323 | D:10     | Reached skill level 5 in Shapeshifting
  8715 | D:10     | Found a hide-covered altar of Uskayaw.
  9097 | D:10     | Found Tynoosm's Neck Hole.
  9326 | D:11     | Noticed a boulder beetle
  9339 | D:11     | Killed a boulder beetle
  9428 | D:11     | Noticed a two-headed ogre
  9436 | D:11     | Killed a two-headed ogre
  9656 | D:11     | Noticed a two-headed ogre
  9667 | D:11     | Killed a two-headed ogre
  9677 | D:11     | Found a staircase to the Orcish Mines.
  9873 | D:11     | Found a staircase to the Lair.
  9984 | D:11     | Noticed a two-headed ogre
  9997 | D:11     | Killed a two-headed ogre
 10364 | Lair:1   | Entered Level 1 of the Lair of Beasts
 10411 | Lair:1   | Reached XP level 12. HP: 97/97 MP: 22/22
 10861 | Lair:1   | Reached skill level 10 in Fighting
 10861 | Lair:1   | Reached skill level 10 in Axes
 11767 | Lair:1   | Reached XP level 13. HP: 88/104 MP: 24/24
 12325 | Lair:2   | Found a gate leading to a gauntlet.
 12344 | Lair:2   | Slain by a skyshark

Illustrated notes

Levels and vault maps discovered:
D:1:      dpeg_arrival_ternary, layout_rooms, grunt_decor_resistance,
          minmay_cupped
D:2:      layout_basic
D:3:      layout_loops_ring, minmay_misc_feat_pillars
D:4:      layout_gridville, nicolae_ashenzari_skybound, nrook_mini_backslash,
          minmay_crystal_room
D:5:      layout_loops_ring, nicolae_qazlal_beasts_of_the_sky,
          regret_index_temple_of_mockery, tgw_sif, uniq_eustachio, uniq_menkaure
D:6:      layout_basic, nicolae_overflow_hidden_temple, kennysheep_mini,
          gammafunk_ghost_hive, grunt_decor_one_mirror, dk_noncrumbling_2,
          corexii_shack, uniq_grinder
D:7:      layout_basic, minmay_temple_entry_mist
D:8:      layout_cave_pools, mainiacjoe_overflow_cross_hatched,
          fiery_altar_vehumet, minmay_misc_feat_rugged
D:9:      layout_rooms, zin_treasury, mainiacjoe_overflow_swirl
D:10:     layout_basic, nicolae_uskayaw_dance_hall, moated_statue, minivault_5,
          nicolae_shop_sticking_my_neck_out
D:11:     layout_stronghold, due_lair_maze_entry_diamond, david_orc_3
Lair:1:   layout_cave_pods, nicolae_lair_grazing_beasts
          [nicolae_sub_lair_graze_edge, nicolae_sub_lair_graze_edge,
          nicolae_sub_lair_graze_edge, nicolae_sub_lair_graze_edge]
Lair:2:   layout_layer_cave, minmay_swamp_entry_reptiles,
          minmay_snake_entry_spellcaster, gauntlet_entry_generic,
          serial_bayou_ford_a, grunt_megastairs_5

Skill      XL: |  1  2  3  4  5  6  7  8  9 10 11 12 13 |
---------------+----------------------------------------+-----
Invocations    | 1 2 3 4 5 6 7 8 |  8.8
Short Blades   | 1 2 3 4 5 6 7 8 |  8.0
Long Blades    | 1 2 3 4 5 6 7 8 |  8.0
Maces & Flails | 1 2 3 4 5 6 7 8 |  8.0
Polearms       | 1 2 3 4 5 6 7 8 |  8.0
Staves         | 1 2 3 4 5 6 7 8 |  8.0
Ranged Weapons | 1 2 3 4 5 6 7 8 |  8.0
Throwing       | 1 2 3 4 5 6 7 8 |  8.0
Stealth        | 1 2 3 4 5 6 7 8 |  8.0
Shields        | 1 2 3 4 5 6 7 8 |  8.0
Unarmed Combat | 1 2 3 4 5 6 7 8 |  8.0
Spellcasting   | 1 2 3 4 5 6 7 8 |  8.0
Evocations     | 1 2 3 4 5 6 7 8 |  8.0
Conjurations   | 1 2 3 4 5 6 |  6.7
Hexes          | 1 2 3 4 5 6 |  6.7
Summonings     | 1 2 3 4 5 6 |  6.7
Necromancy     | 1 2 3 4 5 6 |  6.7
Translocations | 1 2 3 4 5 6 |  6.7
Transmutations | 1 2 3 4 5 6 |  6.7
Fire Magic     | 1 2 3 4 5 6 |  6.7
Ice Magic      | 1 2 3 4 5 6 |  6.7
Air Magic      | 1 2 3 4 5 6 |  6.7
Earth Magic    | 1 2 3 4 5 6 |  6.7
Poison Magic   | 1 2 3 4 5 6 |  6.7
Shapeshifting  | 1 2 3 4 5 6 |  6.7
Armour         | 5 6 7 8 9 |  9.3
Dodging        | 5 6 7 8 9 |  9.3
Fighting       | 7 8 9 10 | 10.4
Axes           | 7 8 9 10 | 10.4

Action                     |  1- 3 |  4- 6 |  7- 9 | 10-12 | 13-15 || total
---------------------------+-------+-------+-------+-------+-------++-------
  Melee: Hand axe          |    67 |       |       |       |       ||    67
         Bite              |     5 |    11 |    29 |    66 |    14 ||   125
         War axe           |     9 |   170 |   142 |       |       ||   321
         Punch             |       |     3 |     4 |    26 |     3 ||    36
         Broad axe         |       |       |   141 |   436 |    45 ||   622
  Throw: Dart              |       |       |       |    60 |       ||    60
 Invoke: Berserk           |     1 |     1 |     2 |    10 |     1 ||    15
         Trog's Hand       |       |     2 |     4 |     3 |     1 ||    10
         Brothers in Arms  |       |       |       |     1 |       ||     1
  Evoke: Wand              |       |       |       |     1 |     1 ||     2
    Use: Scroll            |       |       |    17 |     2 |     1 ||    20
   Stab: Sleeping          |     1 |       |       |     2 |       ||     3
 Armour: Animal skin       |     5 |       |       |       |       ||     5
         Pearl dragon scal |     4 |    83 |   147 |   256 |    25 ||   515
  Dodge: Dodged            |    64 |   102 |   179 |   319 |    47 ||   711

Table legend: (Time is in decaauts)
 A = Elapsed time spent in this place.
 B = Non-inter-level travel time spent in this place.
 C = Inter-level travel time spent in this place.
 D = Time resting spent in this place.
 E = Time spent auto-exploring this place.
 F = Levels seen in this place.
 G = Mean time per level.
                   A        B        C        D        E       F      G
               +--------+--------+--------+--------+--------+-----+--------+
         Total |  12585 |  12068 |    517 |    904 |   8763 |  13 |  968.1 |
       Dungeon |  10556 |  10058 |    498 |    516 |   7610 |  11 |  959.6 |
          Lair |   2029 |   2011 |     18 |    388 |   1152 |   2 | 1014.5 |
               +--------+--------+--------+--------+--------+-----+--------+

Top non-repeatable levels by time:
  Lair:1: 1954 daAuts
     D:5: 1407 daAuts
     D:8: 1302 daAuts
    D:10: 1082 daAuts
    D:11: 1072 daAuts
     D:6: 1024 daAuts
     D:7: 910 daAuts
     D:3: 876 daAuts
     D:4: 836 daAuts
     D:9: 821 daAuts
     D:2: 638 daAuts
     D:1: 583 daAuts
  Lair:2: 74 daAuts
